 Dungeon Crawl Stone Soup version 0.20.1-1-g8b1a95d (webtiles) character file.

74 vishdafish the Skirmisher (level 4, 19/35 HPs)
             Began as a Demonspawn Fighter on July 3, 2017.
             Quit the game on level 3 of the Dungeon.
             The game lasted 00:01:36 (1465 turns).

vishdafish the Skirmisher (Demonspawn Fighter)      Turns: 1465, Time: 00:01:37

Health: 19/35      AC:  6    Str: 18    XL:     4   Next: 10%
Magic:  4/4        EV:  7    Int:  9    God:
Gold:   115        SH:  9    Dex: 12    Spells: 3/3 levels left

rFire    . . .     SeeInvis .   a - +0 trident
rCold    . . .     Gourm    .   c - +0 shield
rNeg     . . .     Faith    .   b - +0 scale mail
rPois    .         Spirit   .   (helmet restricted)
rElec    .         Reflect  .   (no cloak)
rCorr    .         Harm     .   (no gloves)
MR       .....                  (no boots)
Stlth    ..........             (no amulet)
Regen    0.2/turn               (no ring)
MPRegen  0.1/turn               (no ring)

@: quite poisoned (19 -> 10)
A: antennae 1, powered by pain 1
a: no special abilities


You were on level 3 of the Dungeon.
You were not hungry.

You visited 1 branch of the dungeon, and saw 3 of its levels.

You collected 115 gold pieces.

Inventory:

Hand Weapons
 a - a +0 trident (weapon)
Armour
 b - a +0 scale mail (worn)
 c - a +0 shield (worn)
Scrolls
 e - 2 scrolls of recharging {unknown}
 h - a scroll of enchant weapon {unknown}
 j - 5 scrolls of identify {unknown}
 k - a scroll of magic mapping {unknown}
 o - a scroll of fog {unknown}
 p - a scroll of remove curse {unknown}
Potions
 d - 3 potions of might
 l - a potion of agility {unknown}
 m - a potion of lignification {unknown}
 n - a potion of resistance {unknown}
 q - a potion of brilliance {unknown}
 r - a potion of curing {unknown}
 s - a potion of degeneration {unknown}
Comestibles
 f - 2 bread rations
 g - 2 royal jellies
 i - a meat ration


   Skills:
 + Level 3.3 Fighting
 * Level 2.4 Polearms
 + Level 3.3 Armour
 + Level 3.3 Shields


You had 3 spell levels left.
You didn't know any spells.

Dungeon Overview and Level Annotations

Branches:
Dungeon (3/15)

Altars:


Innate Abilities, Weirdness & Mutations

You have a pair of small antennae on your head.
You sometimes gain a little power by taking damage.


Message History

You miss the adder.
The adder is severely wounded.
You feel sick. You block the adder's attack.
The adder bites you but does no damage.
You barely miss the adder.
The adder is severely wounded.
The adder bites you but does no damage. x2
Your shield and scale mail prevent you from hitting the adder.
The adder is severely wounded.
You feel sick. The adder bites you.
You are more poisoned.
The adder poisons you! You block the adder's attack.
You puncture the adder!
You kill the adder!
You have reached level 4!
You feel stronger.
Your demonic ancestry asserts itself...
You feel energised by your suffering.
You feel sick.
Unknown command.
Are you sure you want to abandon this character and quit the game? (Confirm with "yes".)

#............#
#######......#
##....###
#.........
#..#######
#.## .#
#.###.# #..#.#
###@# ##..#
###


There were no monsters in sight!

Vanquished Creatures
  2 adders
  An ooze (D:2)
  A worm (D:2)
  A dart slug (D:2)
  2 leopard geckos
  An orc (D:3)
  A ball python (D:2)
  A giant cockroach (D:2)
  3 goblins
  6 hobgoblins
  2 quokkas (D:2)
  8 bats
  3 frilled lizards (D:1)
  6 kobolds
  9 rats
47 creatures vanquished.

Notes
Turn   | Place    | Note
-------+----------+-------------------------------------------
     0 | D:1      | vishdafish the Demonspawn Fighter began the quest for the Orb.
     0 | D:1      | Reached XP level 1. HP: 18/18 MP: 1/1
   219 | D:1      | Gained mutation: You have a pair of small antennae on your head. [demonic ancestry]
   219 | D:1      | Reached XP level 2. HP: 23/24 MP: 2/2
   596 | D:2      | Reached XP level 3. HP: 14/29 MP: 3/3
  1464 | D:3      | Gained mutation: You sometimes gain a little power by taking damage. [demonic ancestry]
  1464 | D:3      | Reached XP level 4. HP: 19/35 MP: 4/4
  1465 | D:3      | Quit the game

Skill      XL: |  1  2 |
---------------+-------+-----
Shields        | 3 |  3.3
Polearms       | 2 |  2.4
Armour         | 3 |  3.3
Fighting       | |  3.3

Action                   |  1- 3 |  4- 6 || total
-------------------------+-------+-------++-------
Melee: Trident           |   167 |       ||   167
  Eat: Chunk             |     2 |       ||     2
Armor: Scale mail        |    60 |       ||    60
Dodge: Dodged            |    41 |       ||    41
Block: Shield            |    59 |       ||    59
